 Dungeon Crawl Stone Soup version bcrawl-1.19.2-6-g6a88ae04c9 (webtiles) character file.

Game seed: 10332136982783361526

4851 MisterOstroum the Archer (level 10, -3/90 HPs)
             Began as a Centaur Arcane Marksman on Dec 31, 2019.
             Was an Elder of Okawaru.
             Slain by a hell hound (8 damage)
             ... in a volcano.
             The game lasted 01:14:50 (11948 turns).

MisterOstroum the Archer (Centaur Arcane Marksman) Turns: 11948, Time: 01:14:50

Health: -3/90      AC: 10    Str: 16    XL:     10   Next: 25%
Magic:  8/15       EV: 12    Int: 12    God:    Okawaru [****..]
Gold:   540        SH:  0    Dex: 10    Spells: 4/16 levels left

rFire    + . .     SeeInvis .   a - +1 shortbow
rCold    + . .     Gourm    .   (shield currently unavailable)
rNeg     + . .     Faith    .   T - +3 leather armour {rPois}
rPois    +         Spirit   .   z - +0 helmet
rElec    +         Reflect  .   (no cloak)
rCorr    +         Harm     .   J - +0 pair of gloves
MR       .....                  (no barding)
Stlth    ++++......             (no amulet)
HPRegen  0.25/turn              x - ring of stealth
MPRegen  0.14/turn              O - ring of positive energy

@: resistant, heroism, very slightly contaminated, very quick
A: large, hooves 3, deformed body, speed 2, tough skin 3
a: Heroism, Renounce Religion


You were in a volcano.
You worshipped Okawaru.
Okawaru was greatly pleased with you.
You were not hungry.

You visited 2 branches of the dungeon, and saw 9 of its levels.
You also visited: Ossuary and Volcano.

You collected 615 gold pieces.
You spent 75 gold pieces at shops.

Inventory:

Hand Weapons
 a - a +1 shortbow (weapon)
 b - a +0 short sword of speed
 c - a +2 dagger of venom
 d - a +0 hunting sling
 p - a +0 spear
Missiles
 f - 941 arrows (quivered)
 h - 2061 stones
 t - 270 tomahawks
 u - 885 sling bullets
 v - 3 throwing nets {!f!f}
Armour
 i - a +0 buckler
 z - a +0 helmet (worn)
 J - a +0 pair of gloves (worn)
 T - a +3 leather armour of poison resistance (worn)
Jewellery
 x - a ring of stealth (left hand)
 O - a ring of positive energy (right hand)
Wands
 A - a wand of iceblast (11)
 S - a wand of polymorph (13)
Scrolls
 g - 2 scrolls of teleportation
 j - a scroll of brand weapon {unknown}
 m - a scroll of enchant weapon {unknown}
 r - 6 scrolls of remove curse {@r2}
 s - 2 scrolls of amnesia {unknown}
 y - 2 scrolls of immolation {unknown}
 G - 2 scrolls of magic mapping
 K - 2 scrolls of enchant armour {unknown}
 L - a scroll of silence {unknown}
 M - 2 scrolls of identify {@r1}
 N - a scroll of fear {unknown}
 P - a scroll of blinking {@r4}
Potions
 l - a potion of flight
 n - 2 potions of curing {@q1 !q}
 q - 3 potions of heal wounds {@q2 !q}
 w - 4 potions of haste {@q4 !q}
 B - 2 potions of magic
 C - 4 potions of brilliance
 D - 2 potions of mutation
 E - 3 potions of agility
 F - a potion of invisibility
 H - 3 potions of lignification {@q6}
 I - 4 potions of might {@q3 !q}
Comestibles
 e - 16 rations {!d}


   Skills:
 * Level 8.7(13.7) Fighting
 * Level 10.9(15.9) Bows
 - Level 1.3(6.3) Dodging
 + Level 3.6 Spellcasting
 + Level 6.0 Hexes
 - Level 0.2 Charms
 - Level 0.2 Necromancy
 - Level 4.0 Fire Magic
 - Level 3.3 Invocations


You had 4 spell levels left.
You knew the following spells:

 Your Spells              Type           Power        Failure   Level  Hunger
a - Corona                Hex            ###....      2%          1    #......
b - Shackle               Hex            ###.....     3%          2    ##.....
c - Inner Flame           Hex/Fire       N/A          11%         3    ###....
F - False Image           Hex/Summ       #.......     24%         3    ###....
H - Regeneration          Chrm/Necr      #.........   58%         3    ###....

Your spell library contained the following spells:

 Spells                   Type           Power        Failure   Level  Hunger
 Cause Fear               Hex            ###.......   22%         4    #####..
 Animate Skeleton         Necr           N/A          26%         1    #......
 Pain                     Necr           #.....       26%         1    #......
 Vampiric Draining        Necr           #.........   58%         3    ###....
 Yara's Violent Unravell  Hex/Tmut       #.........   61%         4    #####..
 Animate Dead             Necr           N/A          94%         4    #####..
 Bolt of Draining         Conj/Necr      #.........   100%        5    ######.


Dungeon Overview and Level Annotations

Branches:
Dungeon (8/12)             Temple (0/1) D:4            Lair (1/6) D:7
    Orc: D:8-11

Altars:
Ashenzari
Cheibriados
Kikubaaqudgha
Nemelex Xobeh
Okawaru
Vehumet
Zin
The Shining One

Shops:
D:5 ?   D:8 (

Annotations:
D:6 1 runed door, exclusion: door, Menkaure
Lair:1 xd


Innate Abilities, Weirdness & Mutations

You have hooves in place of feet.
Armour fits poorly on your strangely shaped body.
You cover ground very quickly.
You have extremely tough skin. (AC +3)


Message History

You feel like a meek peon again.
Magic restored.
The air gets thick with the scent of sulphur.
You start resting.
In the distance, the volcano erupts with a roar.
You start resting.
HP restored.
You start resting.
HP restored.
You open the door. 2 hell hounds and a smoke demon come into view.
The smoke demon roars!
The hell hound barks!
The smoke demon gestures at you. Something smites you!
The hell hound breathes flames at you.
The blast of flame hits the hell hound.
The hell hound completely resists.
The blast of flame hits you! The hell hound bites you.
Found a radiant altar of Vehumet.
There is a rocky tunnel leading out of this place here.
You feel protected.
The hell hound bites you but does no damage.
You gain the combat prowess of a mighty hero.
The hell hound breathes flames at you.
The blast of flame hits the hell hound.
The hell hound completely resists.
The blast of flame hits you! You resist. The hell hound bites you! x2
* * * LOW HITPOINT WARNING * * *
Really quaff
q - 4 potions of heal wounds {@q2 !q}?
You feel much better. The hell hound barely misses you.
The hell hound bites you. The hell hound misses you.
You open the door.
The hell hound bites you but does no damage.
The hell hound breathes flames at you. The blast of flame misses you.
The hell hound misses you.
There is an open door here.
The hell hound breathes flames at you. The blast of flame hits you! You resist.
You see here a hell hound corpse.
Casting: Corona (safe; 2% risk of failure)
Confirm with . or Enter, or press ? or * to list all spells.
Aiming: False Image (safe; 24% risk of failure)
Press: ? - help, Dir - move target cursor You stand beside yourself.
The hell hound bites you.
You swap places.
The hell hound bites your false image.
You are too injured to fight recklessly!
Firing (i - inventory. (/) - cycle)
f - 946 arrows (quivered)
Press: ? - help, Shift-Dir - straight line, f - hell hound
Aim: a hell hound (catching its breath)
You shoot an arrow.
Your image avoids your attack.
The arrow misses the hell hound.
The hell hound barely misses your false image.
Firing (i - inventory. (/) - cycle)
f - 945 arrows (quivered)
Press: ? - help, Shift-Dir - straight line, f/p - hell hound
Aim: a hell hound (catching its breath)
You shoot an arrow.
Your image avoids your attack.
The arrow hits the hell hound but does no damage.
The hell hound closely misses your false image.
The smoke demon gestures at you. Something smites you!
* * * LOW HITPOINT WARNING * * *
Firing (i - inventory. (/) - cycle)
f - 944 arrows (quivered)
Press: ? - help, Shift-Dir - straight line, f/p - hell hound
Aim: a hell hound (catching its breath)
You shoot an arrow.
Your image avoids your attack.
The arrow closely misses the hell hound.
The hell hound barely misses your false image.
Firing (i - inventory. (/) - cycle)
f - 943 arrows (quivered)
Press: ? - help, Shift-Dir - straight line, f/p - hell hound
Aim: a hell hound You shoot an arrow.
Your image avoids your attack.
The arrow hits the hell hound.
The hell hound is lightly wounded.
The hell hound closely misses your false image.
Firing (i - inventory. (/) - cycle)
f - 942 arrows (quivered)
Press: ? - help, Shift-Dir - straight line, f/p - hell hound
Aim: a hell hound (lightly wounded)
You shoot an arrow.
Your image avoids your attack.
The arrow barely misses the hell hound.
The hell hound bites your false image!
Your false image is destroyed!
Firing (i - inventory. (/) - cycle)
f - 941 arrows (quivered)
Press: ? - help, Shift-Dir - straight line, f/p - hell hound
Aim: a hell hound (lightly wounded)
Okay, then.
Casting: False Image (safe; 24% risk of failure)
Confirm with . or Enter, or press ? or * to list all spells.
Aiming: False Image (safe; 24% risk of failure)
Press: ? - help, Dir - move target cursor, p - hell hound You miscast False Image.
You are very lightly contaminated with residual magic.
Your head hurts.
The smoke demon gestures at you. Something smites you!
* * * LOW HITPOINT WARNING * * *
The hell hound breathes flames at you.
The blast of flame hits the hell hound.
The hell hound completely resists.
The blast of flame hits you! You resist.
* * * LOW HITPOINT WARNING * * *
The hell hound bites you!
You die...

... ###'### #.....#
#..∩..# #.....#
##.h3## ##### ##'##
###...# #h#
#....#####@##
###......##8.8#
#....≈≈.......#
#...≈§≈≈......##
###...≈≈§≈≈......#
#...≈≈≈≈≈≈§§§....#
###..≈≈§§§§§≈§§§§..###
#....≈≈§§§§§§§≈§§§...#
....≈≈≈§§≈§≈≈≈≈≈≈≈≈..#


You could see a smoke demon and 2 hell hounds.

Vanquished Creatures
  A lindwurm (Lair:1)
  A wyvern (D:8)
  7 fire bats (Volcano)
  A hungry ghost (D:8)
  Edmund (D:4)
  A water moccasin (D:6)
  Duvessa (D:6)
  A hell hound (Volcano)
  2 phantoms
  A sky beast (D:3)
  A black bear (D:8)
  An orc warrior (D:6)
  A necrophage (D:8)
  2 ice beasts
  A centaur (D:8)
  2 bullfrogs
  An elf zombie (Ossuary)
  Dowan (D:6)
  A scorpion (D:5)
  A water moccasin skeleton (D:6)
  A howler monkey (D:4)
  A crimson imp (D:4)
  4 centaur zombies
  A jelly (D:4)
  7 lava snakes (Volcano)
  3 hounds
  4 orc priests
  A centaur skeleton (D:4)
  Natasha (thrice) (D:3)
  Terence (D:3)
  3 iguanas
  4 worker ants
  5 orc wizards
  A statue (D:4)
  2 ogre zombies (Ossuary)
  4 big kobold zombies (Ossuary)
  7 mummies (Ossuary)
  A hound skeleton (D:4)
  Robin (D:3)
  4 adders (D:4)
  3 gnolls (D:2)
  2 oozes (D:4)
  4 adder zombies (Ossuary)
  4 worms
  2 dart slugs
  8 leopard geckos
  26 orcs
  5 giant cockroaches
  13 goblins
  12 hobgoblins
  2 jackals (D:1)
  12 kobolds
  5 quokkas
  6 bats
  3 frilled lizards
  2 goblin zombies (Ossuary)
  3 hobgoblin zombies (Ossuary)
  2 kobold zombies (Ossuary)
  6 quokka zombies
  5 rats
  4 rat zombies (Ossuary)
216 creatures vanquished.

Vanquished Creatures (others)
  A plant (Lair:1)
1 creature vanquished.

Grand Total: 217 creatures vanquished

Notes
Turn   | Place    | Note
-------+----------+-------------------------------------------
     0 | D:1      | MisterOstroum the Centaur Arcane Marksman began the quest
                  | for the Orb.
     0 | D:1      | Reached XP level 1. HP: 16/16 MP: 3/3
   160 | D:1      | Reached skill level 3 in Bows
   220 | D:1      | Reached XP level 2. HP: 20/23 MP: 4/4
   227 | D:1      | Learned a level 2 spell: Shackle
   365 | D:1      | Found an iron altar of Okawaru.
   473 | D:1      | Became a worshipper of Warmaster Okawaru
   724 | D:1      | Reached XP level 3. HP: 28/29 MP: 2/5
  1242 | D:1      | Reached skill level 4 in Bows
  1301 | D:2      | Reached XP level 4. HP: 37/37 MP: 3/6
  1347 | D:2      | Found a sparkling altar of Nemelex Xobeh.
  1489 | D:2      | Learned a level 3 spell: Inner Flame
  2363 | D:3      | Noticed Terence
  2449 | D:3      | Killed Terence
  2449 | D:3      | Reached XP level 5. HP: 45/45 MP: 3/7
  2508 | D:3      | Noticed a sky beast
  2564 | D:3      | Killed a sky beast
  2564 | D:3      | Reached * piety under Okawaru
  2564 | D:3      | Reached skill level 5 in Bows
  2564 | D:3      | Reached skill level 1 in Fire Magic
  2777 | D:3      | Reached XP level 6. HP: 52/52 MP: 1/8
  2796 | D:3      | Noticed Natasha
  2806 | D:3      | Killed Natasha
  2968 | D:3      | Noticed Robin
  3006 | D:3      | Killed Robin
  3471 | D:3      | Noticed Natasha
  3477 | D:3      | Killed Natasha
  4128 | D:3      | Noticed Natasha
  4133 | D:3      | Killed Natasha
  4266 | D:4      | Found a sand-covered staircase.
  4283 | D:4      | Reached skill level 1 in Invocations
  4345 | Ossuary  | Entered an ossuary
  4374 | Ossuary  | Reached skill level 6 in Bows
  4374 | Ossuary  | Reached XP level 7. HP: 54/60 MP: 9/9
  4979 | Ossuary  | Reached skill level 5 in Fighting
  5144 | Ossuary  | Reached ** piety under Okawaru
  5512 | D:4      | Found an ancient bone altar of Kikubaaqudgha.
  5513 | D:4      | Found a glowing golden altar of the Shining One.
  5916 | D:4      | Reached XP level 8. HP: 68/68 MP: 7/11
  6344 | D:4      | Reached skill level 7 in Bows
  6518 | D:4      | Found a radiant altar of Vehumet.
  6551 | D:4      | Found a staircase to the Ecumenical Temple.
  6567 | D:4      | Learned a level 3 spell: Regeneration
  6676 | D:4      | Found a glowing golden altar of the Shining One.
  6776 | D:4      | Noticed Edmund
  6850 | D:4      | Killed Edmund
  6933 | D:4      | Found a glowing silver altar of Zin.
  7094 | D:5      | Entered Level 5 of the Dungeon
  7094 | D:5      | Found a shattered altar of Ashenzari.
  7243 | D:5      | Got a brightly glowing leather armour
  7465 | D:5      | Found Yrisimm's Magic Scroll Shoppe.
  7468 | D:5      | Bought a scroll of blinking for 75 gold pieces
  7533 | D:5      | Found a snail-covered altar of Cheibriados.
  8086 | D:6      | Found a runed door.
  8501 | D:6      | Reached skill level 8 in Bows
  8506 | D:6      | Learned a level 3 spell: False Image
  8853 | D:6      | Noticed Duvessa
  8870 | D:6      | Killed Duvessa
  8870 | D:6      | Reached XP level 9. HP: 78/78 MP: 10/13
  8878 | D:6      | Identified the cursed +1 leather armour of the Dungeon
                  | {-Cast rN+ Str+5} (You found it on level 5 of the Dungeon)
  8917 | D:6      | Noticed Dowan
  8928 | D:6      | Killed Dowan
  8983 | D:6      | Noticed Menkaure
  9489 | D:7      | Noticed a death yak
  9489 | D:7      | Noticed a death yak
  9746 | D:7      | Reached skill level 5 in Hexes
  9927 | D:7      | Noticed a death yak
  9927 | D:7      | Noticed a death yak
 10005 | D:7      | Found a staircase to the Lair.
 10005 | D:7      | Noticed a death yak
 10008 | D:7      | Noticed a death yak
 10112 | D:8      | Reached skill level 9 in Bows
 10242 | D:8      | Reached *** piety under Okawaru
 10324 | D:8      | Noticed a troll
 10449 | D:8      | Found Nosmaf's Antique Weapon Shoppe.
 10588 | D:8      | Noticed a yaktaur
 10712 | Lair:1   | Entered Level 1 of the Lair of Beasts
 10724 | Lair:1   | Found a dark tunnel.
 10725 | Lair:1   | Noticed a lindwurm
 10775 | Lair:1   | Killed a lindwurm
 10775 | Lair:1   | Reached skill level 10 in Bows
 10925 | Volcano  | Entered a volcano
 11098 | Volcano  | Reached XP level 10. HP: 78/88 MP: 13/15
 11532 | Volcano  | Reached **** piety under Okawaru
 11931 | Volcano  | Found a radiant altar of Vehumet.
 11931 | Volcano  | Noticed a smoke demon
 11948 | Volcano  | Slain by a hell hound

Skill      XL: |  1  2  3  4  5  6  7  8  9 10 |
---------------+-------------------------------+-----
Bows           | 3 4 5 6 8 10 | 10.9
Fighting       | 2 3 4 5 6 8 |  8.7
Hexes          | 3 4 5 6 |  6.0
Fire Magic     | 1 2 3 4 |  4.0
Invocations    | 1 3 |  3.3
Spellcasting   | 2 3 |  3.6
Dodging        | |  1.3
Charms         | |  0.2
Necromancy     | |  0.2

Action                   |  1- 3 |  4- 6 |  7- 9 | 10-12 || total
-------------------------+-------+-------+-------+-------++-------
Melee: Dagger            |    96 |    82 |    62 |       ||   240
       Kick              |    14 |    28 |    50 |       ||    92
       Short sword       |     5 |    57 |   170 |       ||   232
 Fire: Shortbow          |    29 |   104 |   315 |    70 ||   518
       Hunting sling     |       |       |    69 |       ||    69
Throw: Stone             |     7 |    24 |     4 |       ||    35
 Cast: Corona            |    22 |    53 |   103 |    12 ||   190
       Shackle           |     7 |    10 |    38 |     1 ||    56
       Inner Flame       |       |     3 |     3 |       ||     6
       False Image       |       |       |     2 |     1 ||     3
Invok: Heroism           |       |       |     8 |     2 ||    10
  Use: Scroll            |       |     4 |    14 |       ||    18
       Potion            |       |       |     1 |     2 ||     3
 Stab: Sleeping          |       |       |     2 |       ||     2
  Eat: Chunk             |     2 |    10 |    17 |       ||    29
       Ration            |       |       |     2 |     1 ||     3
Armor: Robe              |    35 |    23 |    61 |       ||   119
       Leather armour    |       |       |    11 |     8 ||    19
Dodge: Dodged            |    44 |    51 |    96 |    15 ||   206
